 Dungeon Crawl Stone Soup version 0.29.1-1-gd02db6906a (webtiles) character file.

Game seed: 14922687482805074626

8369 RogueRain17 the Grappler (level 11, -26/75 HPs)
             Began as a Demonspawn Monk on Sept 21, 2022.
             Was a High Priest of Makhleb.
             Annihilated by a white ugly thing (33 damage)
             ... on level 10 of the Dungeon.
             The game lasted 00:32:13 (9646 turns).

RogueRain17 the Grappler (Demonspawn Monk)          Turns: 9646, Time: 00:32:14

Health: -26/75     AC: 13    Str: 16    XL:     11   Next: 9%
Magic:  18/18      EV: 34    Int: 12    God:    Makhleb [*****.]
Gold:   483        SH:  0    Dex: 15    Spells: 10/10 levels left

rFire   . . .      SeeInvis .     - Unarmed
rCold   . . .      Faith    .   (no shield)
rNeg    . . .      Spirit   .   g - +2 troll leather armour {Snorg}
rPois   .          Reflect  .   i - +0 helmet
rElec   .          Harm     .   (no cloak)
rCorr   .          Rampage  .   (no gloves)
Will    .....                   (no boots)
Stlth   ++........              n - amulet of the acrobat
HPRegen 1.02/turn               M - +4 ring of evasion
MPRegen 0.16/turn               (no ring)

@: sanguine armoured, acrobatic
A: claws 2, powered by death 2, sanguine armour 1
a: Renounce Religion, Minor Destruction, Lesser Servant of Makhleb, Major
Destruction, Greater Servant of Makhleb


You were on level 10 of the Dungeon.
You worshipped Makhleb.
Makhleb was extremely pleased with you.
You visited 1 branch of the dungeon, and saw 10 of its levels.

You collected 608 gold pieces.
You spent 125 gold pieces at shops.

Inventory:

Hand Weapons
 D - the +10 sling "Lorem Ipsum" {vorpal, Will+ Str+7 SInv}
   (You took it off an orc priest on level 6 of the Dungeon)

   Any ammunition fired from it inflicts extra damage upon your enemies.
   Str:       It affects your strength (+7).
   SInv:      It lets you see invisible.
   Will:      It increases your willpower.
 E - the +1 battleaxe of Dithmenos's Hope {vorpal, Str+6}
   (You found it on level 6 of the Dungeon)

   It inflicts extra damage upon your enemies.
   Str:       It affects your strength (+6).
Armour
 a - a +0 robe
 g - a +2 troll leather armour (worn) {Snorg}
 i - a +0 helmet (worn)
 p - the +1 leather armour of Wonder {rF- Regen+ Str+7}
   (You found it on level 2 of the Dungeon)

   Str:       It affects your strength (+7).
   rF:        It makes you vulnerable to fire.
   Regen:     It increases your rate of health regeneration.
Jewellery
 f - an amulet of regeneration
 n - an amulet of the acrobat (around neck)
 t - an amulet of guardian spirit
 w - a +6 ring of intelligence
 J - the ring "Dineheph" {rElec rF+ Str+6 Dex+3 Slay-3}
   (You found it on level 8 of the Dungeon)

   [ring of strength]

   Str:       It affects your strength (+6).
   Dex:       It affects your dexterity (+3).
   Slay:      It affects your accuracy & damage with ranged weapons and melee
   (-3).
   rF:        It protects you from fire.
   rElec:     It insulates you from electricity.
 M - a +4 ring of evasion (left claw)
Wands
 y - a wand of flame (5)
 B - a wand of roots (17)
 G - a wand of polymorph (13)
 I - a wand of paralysis (5)
Scrolls
 j - 5 scrolls of teleportation
 l - a scroll of immolation
 m - 5 scrolls of noise
 o - 2 scrolls of enchant weapon
 r - 2 scrolls of poison
 u - 3 scrolls of vulnerability
 v - 2 scrolls of amnesia
 z - 2 scrolls of fog
 F - a scroll of summoning
 H - a scroll of fear
 L - a scroll of enchant armour {unknown}
 N - a scroll of magic mapping {unknown}
Potions
 b - a potion of ambrosia
 c - a potion of cancellation {unknown}
 d - a potion of might
 e - 2 potions of heal wounds
 h - 4 potions of curing
 k - a potion of berserk rage {unknown}
 q - 2 potions of attraction {unknown}
 s - 3 potions of brilliance {unknown}
 x - a potion of haste {unknown}
 A - 4 potions of flight {unknown}
 C - a potion of mutation {unknown}
 K - a potion of magic {unknown}


   Skills:
 - Level 3.0 Fighting
 + Level 7.8 Dodging
 - Level 1.7 Stealth
 * Level 12.4 Unarmed Combat
 + Level 9.9 Invocations


You had 10 spell levels left.
You didn't know any spells.
Your spell library contained the following spells:

 Spells                   Type           Power      Damage    Failure   Level
 Apportation              Tloc           0%         N/A       38%         1
 Freeze                   Ice            0%         1d3       38%         1
 Frozen Ramparts          Ice            0%         1d1       77%         3
 Hailstorm                Conj/Ice       0%         3d3       99%         4
 Ice Form                 Ice/Tmut       0%         N/A       99%         4
 Summon Ice Beast         Ice/Summ       0%         N/A       99%         4
 Alistair's Intoxication  Tmut/Pois      0%         N/A       100%        5
 Borgnjor's Vile Clutch   Necr/Erth      0%         N/A       100%        5
 Eringya's Noxious Bog    Tmut/Pois      0%         N/A       100%        6


Dungeon Overview and Level Annotations

Branches:
Dungeon (10/15)            Temple (0/1) D:4             Orc (0/2) D:9
   Lair: D:8-11

Altars:
Cheibriados
Fedhas
Gozag
Makhleb
Xom

Shops:
D:4 *?:(   D:7 *

Annotations:
D:10 2 exclusions


Innate Abilities, Weirdness & Mutations

You have very sharp fingernails.
You regenerate health from kills.
When seriously injured, your blood forms armour. (AC +6)


Message History

The troll closely misses you.
You barely miss the troll.
The troll is almost dead.
The troll closely misses you. The troll completely misses you.
The troll claws you.
You claw the troll!
You kill the troll!
Makhleb accepts your kill.
You feel better.
You now have 483 gold pieces (gained 4).
A white ugly thing is nearby!
No reachable target in view!
No reachable target in view!
You see here 13 gold pieces.
You start removing your amulet.
You continue taking off your amulet of regeneration. x4
The white ugly thing splashes around in the water.
You finish taking off your amulet of regeneration.
You start putting on your amulet.
You continue putting on your amulet of the acrobat.
The white ugly thing kicks you.
Keep equipping yourself?
The white ugly thing freezes you!!
Your blood congeals into armour.
You continue putting on your amulet of the acrobat.
The white ugly thing splashes around in the water.
You continue putting on your amulet of the acrobat.
The white ugly thing splashes around in the water.
You continue putting on your amulet of the acrobat.
The white ugly thing kicks you. The white ugly thing freezes you!!
* * * LOW HITPOINT WARNING * * *
You continue putting on your amulet of the acrobat.
The white ugly thing closely misses you.
You finish putting on your amulet of the acrobat.
You feel ready to tumble and roll out of harm's way.
n - an amulet of the acrobat (around neck)
The white ugly thing attacks as you move away!
The white ugly thing kicks you!
* * * LOW HITPOINT WARNING * * *
The white ugly thing freezes you!!
You die...

....... ... .......
... ..~~... ...
###...~≈≈~ ...
###...~.~≈≈≈ ≈~~
##.#.....≈≈≈≈ ~..
#....$~~~~≈≈~ ≈..
##.#..≈≈~≈~.≈ ≈~~
##.@u.≈≈≈≈~~. ~S.
#.....~≈≈≈~~. ≈~
##....~≈≈≈≈.. ..~≈..
#.##.≈~≈≈≈~. ~.~~~.
#.....~≈≈~~~.~.~≈≈.
#.##...≈≈~.$.≈≈~≈..
#......≈≈.≈~.≈≈≈~..
##........≈~≈.~≈≈≈~.
#..†.....~≈≈≈.~≈≈≈~.


You could see a white ugly thing.

Vanquished Creatures
  Snorg (D:10)
  2 kobold demonologists (D:10)
  2 trolls (D:10)
  A shadow (D:9)
  11 yaks (D:9)
  2 wyverns
  2 water moccasins
  3 orc warriors (D:9)
  2 sky beasts
  2 black bears
  2 centaurs (D:5)
  2 wolves (D:10)
  2 ogres
  A phantom (D:5)
  2 kobold brigands
  2 gnoll sergeants (D:8)
  A bullfrog (D:9)
  3 scorpions
  16 wights
  16 killer bees
  2 electric eels
  7 howler monkeys
  5 hounds
  5 orc priests (D:6)
  2 iguanas
  5 orc wizards
  19 gnolls
  10 adders
  2 shadow imps
  2 white imps (D:6)
  An ufetubus (D:5)
  A worm (D:3)
  27 orcs
  4 endoplasms
  5 giant cockroaches (D:1)
  6 hobgoblins
  5 jackals
  A quokka (D:5)
  6 ball pythons
  8 bats
  3 frilled lizards (D:1)
  7 goblins
  14 kobolds
  3 rats
225 creatures vanquished.

Vanquished Creatures (others)
  An orc wizard (D:4)
  2 fungi (D:6)
  15 plants
18 creatures vanquished.

Grand Total: 243 creatures vanquished

Notes
Turn   | Place    | Note
-------+----------+-------------------------------------------
     0 | D:1      | RogueRain17 the Demonspawn Monk began the quest for the
                  | Orb.
     0 | D:1      | Reached XP level 1. HP: 18/18 MP: 1/1
   235 | D:1      | Reached skill level 3 in Unarmed Combat
   531 | D:1      | Gained mutation: When seriously injured, your blood forms
                  | armour. (AC +6) [demonic ancestry]
   531 | D:1      | Reached XP level 2. HP: 20/24 MP: 2/2
   823 | D:1      | Found a faded altar of an unknown god.
  1347 | D:2      | Reached XP level 3. HP: 29/29 MP: 3/3
  1360 | D:2      | Reached skill level 4 in Unarmed Combat
  1529 | D:2      | Reached XP level 4. HP: 35/35 MP: 4/4
  1592 | D:2      | Identified the +1 leather armour of Wonder {rF- Regen+
                  | Str+7}
  1973 | D:3      | Found a burning altar of Makhleb.
  1984 | D:3      | Became a worshipper of Makhleb the Destroyer
  1984 | D:3      | Reached * piety under Makhleb
  1984 | D:3      | Reached ** piety under Makhleb
  2217 | D:3      | Reached skill level 5 in Unarmed Combat
  2279 | D:3      | Found a shimmering altar of Xom.
  2669 | D:4      | Gained mutation: You regenerate a little health from kills.
                  | [demonic ancestry]
  2669 | D:4      | Reached XP level 5. HP: 23/41 MP: 5/5
  2755 | D:4      | Found a staircase to the Ecumenical Temple.
  2813 | D:4      | Found Efaiqos's Magic Scroll Emporium.
  2875 | D:4      | Reached skill level 6 in Unarmed Combat
  2887 | D:4      | Bought a scroll of blinking for 97 gold pieces
  2913 | D:4      | Found Leogegi's Antique Weapon Shop.
  3034 | D:4      | Gained mutation: You have sharp fingernails. [demonic
                  | ancestry]
  3034 | D:4      | Reached XP level 6. HP: 47/47 MP: 6/6
  3159 | D:4      | Found Lekkori's Book Shop.
  3222 | D:4      | Found Seriosym's Assorted Antiques.
  3273 | D:4      | Reached *** piety under Makhleb
  3525 | D:5      | Entered Level 5 of the Dungeon
  3799 | D:5      | Reached skill level 7 in Unarmed Combat
  3828 | D:5      | Gained mutation: You have very sharp fingernails. [demonic
                  | ancestry]
  3828 | D:5      | Reached XP level 7. HP: 52/52 MP: 7/7
  3938 | D:5      | Reached skill level 1 in Invocations
  4347 | D:5      | Reached skill level 8 in Unarmed Combat
  4604 | D:6      | Reached XP level 8. HP: 55/58 MP: 8/10
  4633 | D:6      | Identified the +9 trident "Vatsu" {distort, *Slow rN+ Int+4
                  | SInv}
  5247 | D:6      | Identified the +10 sling "Lorem Ipsum" {vorpal, Will+ Str+7
                  | SInv}
  5433 | D:6      | Reached skill level 9 in Unarmed Combat
  5586 | D:6      | Found an opulent altar of Gozag.
  5719 | D:6      | Reached skill level 5 in Invocations
  5719 | D:6      | Identified the +1 battleaxe of Dithmenos's Hope {vorpal,
                  | Str+6}
  5992 | D:7      | Reached skill level 5 in Dodging
  5997 | D:7      | Reached **** piety under Makhleb
  6091 | D:7      | Gained mutation: You regenerate health from kills. [demonic
                  | ancestry]
  6091 | D:7      | Reached XP level 9. HP: 63/63 MP: 11/13
  6665 | D:7      | Reached skill level 10 in Unarmed Combat
  6846 | D:7      | Found Uroutok's General Store.
  6851 | D:7      | Bought a scroll of identify for 28 gold pieces
  6916 | D:8      | Found a blossoming altar of Fedhas.
  7801 | D:8      | Found a snail-covered altar of Cheibriados.
  7984 | D:8      | Identified the ring "Dineheph" {rElec rF+ Str+6 Dex+3
                  | Slay-3}
  8098 | D:9      | Reached XP level 10. HP: 51/70 MP: 15/15
  8107 | D:9      | Reached skill level 11 in Unarmed Combat
  8503 | D:9      | Reached ***** piety under Makhleb
  8546 | D:9      | Found a staircase to the Orcish Mines.
  8698 | D:9      | Reached skill level 12 in Unarmed Combat
  9115 | D:10     | Entered Level 10 of the Dungeon
  9359 | D:10     | Noticed a two-headed ogre
  9359 | D:10     | Noticed a white ugly thing
  9468 | D:10     | Noticed Snorg
  9482 | D:10     | Killed Snorg
  9553 | D:10     | Reached XP level 11. HP: 75/75 MP: 18/18
  9646 | D:10     | Annihilated by a white ugly thing

Illustrated notes

Levels and vault maps discovered:
D:1:      minmay_arrival_up_and_down, layout_rooms,
          ebering_ecumenical_altar_hall, minmay_worlds_worst_comb
D:2:      cheibrodos_helix_gallery, layout_basic
D:3:      layout_loops_corners, pf_just_have_faith,
          mainiacjoe_overflow_chevrons, reono_crystal_passage
D:4:      layout_basic, minmay_temple_entry_arrows, serial_shops,
          kennysheep_mini, shop, nicolae_diamond_shop, shop_fountains
D:5:      layout_basic
D:6:      old_forge, layout_cave_pods, grunt_gozag_breadcrumbs
D:7:      layout_basic, serial_shops, kennysheep_mini_moat
D:8:      layout_basic, mainiacjoe_overflow_alcove_1, fedhas_altar_3
D:9:      layout_basic, orc_david_3
D:10:     layout_basic, elyvilon_altar_5, erik_lair_island,
          lightli_fourway_metalbox, uniq_snorg, uniq_urug, uniq_maurice

Skill      XL: |  1  2  3  4  5  6  7  8  9 10 |
---------------+-------------------------------+-----
Unarmed Combat | 3 4 5 6 7 8 9 10 12 | 12.4
Dodging        | 3 5 6 7 |  7.8
Invocations    | 2 5 7 9 |  9.9
Fighting       | |  3.0
Stealth        | |  1.7

Action                   |  1- 3 |  4- 6 |  7- 9 | 10-12 || total
-------------------------+-------+-------+-------+-------++-------
Melee: Unarmed           |   161 |   235 |   301 |   188 ||   885
       Punch             |     3 |     9 |    16 |    14 ||    42
Throw: Throwing net      |       |       |     1 |       ||     1
Invok: Minor Destruction |       |     1 |     3 |       ||     4
Evoke: Wand              |       |       |    15 |     1 ||    16
  Use: Scroll            |       |       |    15 |       ||    15
       Potion            |       |       |     1 |     2 ||     3
 Stab: Sleeping          |     3 |     4 |     4 |     1 ||    12
Armor: Robe              |    54 |       |       |       ||    54
       Leather armour    |       |    57 |    61 |    13 ||   131
       Skin              |       |       |       |    19 ||    19
       Troll leather arm |       |       |       |     2 ||     2
Dodge: Dodged            |   129 |   118 |   175 |    89 ||   511
